 Dungeon Crawl Stone Soup version 0.19.0-11-g3fc08b3 (webtiles) character file.

284 Kareekexe the Shield-Bearer (level 6, -8/49 HPs)
             Began as a Formicid Fighter on Nov 7, 2016.
             Mangled by an ogre
             ... wielding a +0 giant club
              (9 damage)
             ... on level 4 of the Dungeon on Nov 8, 2016.
             The game lasted 00:06:28 (2821 turns).

Kareekexe the Shield-Bearer (Formicid Fighter)      Turns: 2821, Time: 00:06:29

Health: -8/49      AC:  8    Str: 25    XL:     6   Next: 54%
Magic:  6/6        EV:  8    Int:  8    God:
Gold:   216        SH: 10    Dex: 12    Spells: 0 memorised, 5 levels left

rFire  . . .     SeeInvis +     a - +0 long sword
rCold  . . .     Gourm    .     b - +0 scale mail
rNeg   . . .     Faith    .     c - +0 shield
rPois  .         Spirit   .     (helmet unavailable)
rElec  .         Reflect  .     (no cloak)
rCorr  .         Harm     .     (no gloves)
MR     .....                    (no boots)
Stlth  ..........               (no amulet)
                                (no ring)
                                B - +1 ring of protection

@: mighty
A: permanent stasis, dig shafts and tunnels, four strong arms, antennae 3
a: Dig, Shaft Self


You were on level 4 of the Dungeon.
You were not hungry.

You visited 1 branch of the dungeon, and saw 4 of its levels.

You collected 216 gold pieces.

Inventory:

Hand Weapons
 a - a +0 long sword (weapon)
Armour
 b - a +0 scale mail (worn)
 c - a +0 shield (worn)
Jewellery
 B - a +1 ring of protection (left hand)
Wands
 s - a wand of digging (8/24)
 C - a wand of slowing (18/48)
Scrolls
 e - a scroll of noise {unknown}
 g - 2 scrolls of magic mapping {unknown}
 h - 2 scrolls of enchant weapon {unknown}
 i - 6 scrolls of identify {unknown}
 n - a scroll of recharging {unknown}
 q - a scroll of fear {unknown}
 t - 2 scrolls of random uselessness {unknown}
 u - 2 scrolls of enchant armour {unknown}
 v - a scroll of blinking {unknown}
 y - a scroll of remove curse {unknown}
 z - a scroll of fog {unknown}
 A - a scroll of immolation {unknown}
Potions
 j - a potion of degeneration {unknown}
 l - a potion of flight {unknown}
 m - 3 potions of curing {unknown}
 o - a potion of brilliance {unknown}
 p - a potion of ambrosia {unknown}
 r - a potion of heal wounds {unknown}
 w - a potion of beneficial mutation {unknown}
Comestibles
 f - 4 bread rations
 k - 4 fruits
 x - 2 meat rations
 D - a beef jerky


   Skills:
 + Level 4.6 Fighting
 + Level 3.7 Long Blades
 + Level 4.5 Armour
 + Level 5.1 Shields


You had 5 spell levels left.
You didn't know any spells.

Dungeon Overview and Level Annotations

Branches:
Dungeon (4/15)
 Temple: D:4-7

Altars:


Innate Abilities, Weirdness & Mutations

You are under a permanent stasis effect.
You can dig through walls and to a lower floor.
Your four strong arms can wield two-handed weapons with a shield.
You have a pair of large antennae on your head. (SInv)


Message History

Your shield and scale mail prevent you from hitting the ogre.
The ogre is moderately wounded.
You block the ogre's attack.
You slash the ogre!
The ogre is heavily wounded.
The ogre hits you with a giant club!
You barely miss the ogre.
The ogre is heavily wounded.
You block the ogre's attack.
You barely miss the ogre.
The ogre is heavily wounded.
The ogre hits you with a giant club!
* * * LOW HITPOINT WARNING * * *
You completely miss the ogre.
The ogre is heavily wounded.
You block the ogre's attack.
Unknown command.
You feel very mighty all of a sudden. The ogre hits you with a giant club!
You die...

#.......## #.........#
#.........# #.........#
#.........# #.........#
#........O### #<........@.##
#.........#..##
#.........##..#######
#######.........###.......#######
#...........[..## #######........
#.#######.......# ########. #.#
#######<# ##. #.# #.# #.. #.#
#.## ###.#


You could see an ogre.

Vanquished Creatures
  A howler monkey (D:4)
  2 orc wizards (D:4)
  2 worker ants (D:4)
  4 adders
  3 oozes
  3 worms (D:3)
  3 dart slugs
  3 leopard geckos
  2 orcs (D:4)
  9 goblins
  6 hobgoblins
  10 jackals
  8 kobolds
  3 quokkas
  A ball python (D:3)
  4 bats
  4 frilled lizards
  7 rats
75 creatures vanquished.

Notes
Turn   | Place    | Note
-------+----------+-------------------------------------------
     0 | D:1      | Kareekexe the Formicid Fighter began the quest for the Orb.
     0 | D:1      | Reached XP level 1. HP: 18/18 MP: 1/1
    94 | D:1      | Reached XP level 2. HP: 22/24 MP: 2/2
   407 | D:1      | Reached skill level 4 in Shields
   538 | D:1      | Reached XP level 3. HP: 28/29 MP: 3/3
   994 | D:2      | Reached XP level 4. HP: 29/35 MP: 4/4
  1341 | D:3      | Found a faded altar of an unknown god.
  1654 | D:3      | Upgraded the game from 0.19.0-9-gfd783f2 to 0.19.0-11-g3fc08b3
  1722 | D:3      | Reached XP level 5. HP: 40/42 MP: 5/5
  2411 | D:4      | Reached XP level 6. HP: 37/48 MP: 6/6
  2420 | D:4      | Reached skill level 5 in Shields
  2714 | D:4      | Noticed an ogre
  2819 | D:4      | HP: 1/49 [ogre/giant club (17)]
  2821 | D:4      | Mangled by an ogre

Skill      XL: |  1  2  3  4  5  6 |
---------------+-------------------+-----
Shields        | 4 5 |  5.1
Long Blades    | 3 |  3.7
Armour         | 4 |  4.5
Fighting       | 4 |  4.6

Action                   |  1- 3 |  4- 6 || total
-------------------------+-------+-------++-------
Melee: Long sword        |    95 |   217 ||   312
 Abil: Dig               |       |     3 ||     3
  Use: Potion            |       |     1 ||     1
  Eat: Chunk             |       |     7 ||     7
Armor: Scale mail        |    33 |    82 ||   115
Dodge: Dodged            |    22 |    65 ||    87
Block: Shield            |    59 |   107 ||   166
       Rpst.: Long sword |     4 |    21 ||    25
